 Dungeon Crawl Stone Soup version 0.30.0-29-ga12c61a403 (webtiles) character file.

Game seed: 15318550852648545560

464 monsoonserge the Covered (level 6, -6/53 HPs)
             Began as an Armataur Warper on June 4, 2023.
             Was a Believer of Fedhas.
             Killed by nerve-wracking pain
             ... invoked by an orc priest
              (11 damage)
             ... on level 5 of the Dungeon.
             The game lasted 00:11:50 (4214 turns).

monsoonserge the Covered (Armataur Warper)          Turns: 4214, Time: 00:11:51

Health: -6/53      AC:  7    Str: 19    XL:     6   Next: 80%
Magic:  9/9        EV:  9    Int: 13    God:    Fedhas [**....]
Gold:   252        SH:  0    Dex:  9    Spells: 4/9 levels left

rFire   + . .        v - +0 morningstar
rCold   . . .        (no shield)
rNeg    . . .        p - +0 ring mail
rPois   +            (no helmet)
rElec   .            x - scarf {shadows}
rCorr   .            q - +0 pair of gloves
SInv    .            (no barding)
Will    .....        (no amulet)
Stlth   +            h - ring of protection from fire
HPRegen 0.28/turn    k - ring of poison resistance
MPRegen 0.11/turn

%: roll
@: no status effects
A: large, rugged brown scales 3, deformed body, armoured tail, roll, long
tongue, awkward tongue
a: Renounce Religion, Wall of Briars


You were on level 5 of the Dungeon.
You worshipped Fedhas.
Fedhas was pleased with you.
You visited 1 branch of the dungeon, and saw 5 of its levels.

You collected 252 gold pieces.

Inventory:

Hand Weapons
 v - a +0 morningstar (weapon)
Missiles
 d - 7 boomerangs of dispersal
 y - 5 boomerangs (quivered)
 A - 4 poisoned darts
Armour
 b - a +0 leather armour
 e - a +0 chain mail
 p - a +0 ring mail (worn)
 q - a +0 pair of gloves (worn)
 x - a scarf of shadows (worn)
Magical Staves
 s - a staff of fire
Jewellery
 h - a ring of protection from fire (left hand)
 k - a ring of poison resistance (right hand)
Wands
 w - a wand of paralysis (5)
Scrolls
 c - 2 scrolls of blinking
 f - a scroll of teleportation {unknown}
 i - 4 scrolls of enchant weapon {unknown}
 l - 10 scrolls of identify {unknown}
 m - a scroll of immolation {unknown}
 n - 3 scrolls of noise {unknown}
 o - a scroll of vulnerability {unknown}
 u - a scroll of magic mapping {unknown}
Potions
 a - a potion of mutation {unknown}
 g - 3 potions of flight {unknown}
 j - 6 potions of haste {unknown}
 r - a potion of lignification {unknown}
 t - 2 potions of curing {unknown}
 z - a potion of magic {unknown}


   Skills:
 + Level 2.5 Fighting
 + Level 4.2 Maces & Flails
 + Level 1.0 Throwing
 * Level 4.4 Armour
 + Level 2.1 Dodging
 - Level 1.0 Stealth
 - Level 2.0 Spellcasting
 * Level 4.0 Translocations


You had 4 spell levels left.
You knew the following spells:

 Your Spells              Type           Power      Damage    Failure   Level
a - Blink                 Tloc           22%        N/A       12%         2
b - Teleport Other        Tloc           11%        N/A       24%         3

Your spell library contained the following spells:

 Spells                   Type           Power      Damage    Failure   Level
 Lesser Beckoning         Tloc           22%        N/A       12%         2
 Sandblast                Erth           2%         2d4       38%         1
 Vhi's Electric Charge    Tloc/Air       12%        N/A       50%         3
 Ensorcelled Hibernation  Hex/Ice        2%         N/A       54%         2
 Passwall                 Tmut/Erth      0%         N/A       54%         2
 Manifold Assault         Tloc           11%        N/A       63%         4
 Stone Arrow              Conj/Erth      2%         3d7       77%         3
 Swiftness                Air            1%         N/A       77%         3


Dungeon Overview and Level Annotations

Branches:
Dungeon (5/15)
 Temple: D:4-7

Altars:
Dithmenos
Fedhas
Hepliaklqana
Nemelex Xobeh
Qazlal
Ru
Sif Muna
Vehumet

Annotations:
D:4 exclusion: statue


Innate Abilities, Weirdness & Mutations

You are completely covered in rugged brown scales. (AC +3, +7% HP)
Armour fits poorly on your strangely shaped body.
You have a long armoured tail.
You roll when moving toward enemies. (Rampage)
Your long tongue fully drains potion bottles. (2x potion effects)
Your tongue gives you trouble enunciating. (1.5x scroll delay)


Message History

You barely miss the orc. The orc hits you with a +0 flail.
The orc completely misses you.
You closely miss the orc.
Your tail-slap misses the orc.
The orc hits you with a +0 flail. The orc hits you but does no damage.
You closely miss the orc. The orc hits you with a +0 flail!
The orc closely misses you.
You barely miss the orc.
Your tail-slap misses the orc.
The orc barely misses you. The orc hits you with a +0 short sword.
* * * LOW HITPOINT WARNING * * *
The orc barely misses you. The orc hits you but does no damage.
Unknown command.
You barely miss the orc. You tail-slap the orc.
The orc is almost dead.
The orc hits you with a +0 flail.
* * * LOW HITPOINT WARNING * * *
The orc closely misses you.
Unknown command.
You closely miss the orc.
The orc is almost dead.
The orc hits you but does no damage. The orc barely misses you.
You hit the orc.
You kill the orc!
Fedhas appreciates your contribution to the ecosystem.
The orc barely misses you.
The orc priest begins to cast a cantrip, but forgets the words!
The orc barely misses you.
You hit the orc priest.
You tail-slap the orc priest, but do no damage.
The orc priest is moderately wounded.
The orc barely misses you.
The orc priest calls down the wrath of Beogh upon you.
Beogh smites you!
* * * LOW HITPOINT WARNING * * *
You closely miss the orc priest.
The orc priest is moderately wounded.
The orc completely misses you.
The orc priest calls down the wrath of Beogh upon you.
Pain shoots through your body!
You die...
Fedhas appreciates your contribution to the ecosystem.

[....#......#
####...###..# # ##.##
#..# #####.####..#######
##................#
##.#######..#####.#
#...######.## #.#######
...........######o.......
#...######......@o.....<.
.....#####.##############
........)..# .....#######
#...## ##.##


You could see an orc priest and an orc.

Vanquished Creatures
  3 scorpions
  An orc priest (D:4)
  2 orc wizards
  An iguana (D:5)
  6 adders
  An ufetubus (D:5)
  2 worms
  3 dart slugs
  18 orcs
  9 ball pythons
  4 bats
  8 endoplasms
  5 giant cockroaches
  3 hobgoblins
  4 jackals (D:2)
  8 kobolds
  2 quokkas
  2 frilled lizards (D:2)
  8 goblins
  6 rats
96 creatures vanquished.

Notes
Turn   | Place    | Note
-------+----------+-------------------------------------------
     0 | D:1      | monsoonserge the Armataur Warper began the quest for the
                  | Orb.
     0 | D:1      | Reached XP level 1. HP: 18/18 MP: 3/3
   179 | D:1      | Reached XP level 2. HP: 21/25 MP: 5/5
   582 | D:1      | Learned a level 2 spell: Blink
   914 | D:2      | Reached XP level 3. HP: 30/31 MP: 6/6
  1411 | D:2      | Reached XP level 4. HP: 36/38 MP: 7/7
  1415 | D:2      | Learned a level 3 spell: Teleport Other
  1856 | D:3      | Found a stormy altar of Qazlal.
  1857 | D:3      | Noticed an air elemental
  1858 | D:3      | Noticed an earth elemental
  1858 | D:3      | Noticed a fire elemental
  1858 | D:3      | Noticed a water elemental
  1973 | D:3      | Found a sparkling altar of Nemelex Xobeh.
  2161 | D:3      | Found a hazy altar of Hepliaklqana.
  2239 | D:3      | Found a faded altar of an unknown god.
  2243 | D:3      | Found a shimmering blue altar of Sif Muna.
  2255 | D:3      | Prayed at the altar of an unknown god.
  2255 | D:3      | Became a worshipper of Fedhas Madash
  2255 | D:3      | Reached * piety under Fedhas
  2690 | D:4      | Noticed a scorpion
  2703 | D:4      | Killed a scorpion
  2704 | D:4      | Reached XP level 5. HP: 32/43 MP: 8/8
  3090 | D:4      | Found a radiant altar of Vehumet.
  3092 | D:4      | Noticed a charred statue
  3285 | D:4      | Found a sacrificial altar of Ru.
  3483 | D:5      | Entered Level 5 of the Dungeon
  3496 | D:5      | Found a shadowy altar of Dithmenos.
  3638 | D:5      | Reached skill level 1 in Stealth
  3638 | D:5      | Reached XP level 6. HP: 37/52 MP: 9/9
  3653 | D:5      | Reached ** piety under Fedhas
  4056 | D:5      | Reached skill level 1 in Throwing
  4214 | D:5      | Killed from afar by an orc priest

Illustrated notes

Levels and vault maps discovered:
D:1:      saegor_arrival_miasma, layout_basic, interstate_on_off,
          minmay_misc_feat_doors, minivault_25, feat_on_display
D:2:      layout_loops_ring
D:3:      layout_loops_corners, mainiacjoe_overflow_brackets,
          nicolae_overflow_ecumenical_swirl, nemelex_dance_club_becter,
          nicolae_qazlal_style_of_elements
D:4:      cheibrodos_pilgrimage, layout_loops_ring,
          mainiacjoe_overflow_24_doors, vehumet_statue
D:5:      layout_loops_ring, gammafunk_temple_overflow_claw,
          grunt_dithmenos_smoke_and_mirrors

Skill      XL: |  1  2  3  4  5  6 |
---------------+-------------------+-----
Spellcasting   | 2 |  2.0
Armour         | 2 3 4 |  4.4
Maces & Flails | 2 3 4 |  4.2
Fighting       | 2 |  2.5
Dodging        | 2 |  2.1
Stealth        | 1 |  1.0
Throwing       | 1 |  1.0
Translocations | 4 |  4.0

Action                     |  1- 3 |  4- 6 || total
---------------------------+-------+-------++-------
  Melee: Mace              |   143 |    61 ||   204
         Tailslap          |    17 |    16 ||    33
         Punch             |     4 |       ||     4
         Morningstar       |       |   115 ||   115
  Throw: Boomerang         |       |    10 ||    10
   Cast: Teleport Other    |       |     2 ||     2
   Stab: Distracted        |       |     1 ||     1
 Armour: Leather armour    |    57 |    46 ||   103
         Ring mail         |       |    42 ||    42
  Dodge: Dodged            |    91 |    90 ||   181
